 Dungeon Crawl Stone Soup version 0.31.0-9-g3a7656b989 (webtiles) character file.

Game seed: 14912680823865904620

133 qw the Skirmisher (level 4, -3/25 HPs)
             Began as a Deep Elf Hunter on Feb 2, 2024.
             Slain by a gnoll
             ... wielding a +0 club
              (6 damage)
             ... on level 3 of the Dungeon.
             The game lasted 00:00:06 (2076 turns).

qw the Skirmisher (Deep Elf Hunter)                 Turns: 2076, Time: 00:00:06

Health: -3/25      AC:  6    Str:  8    XL:     4   Next: 94%
Magic:  6/6        EV: 12    Int: 14    God:
Gold:   107        SH:  0    Dex: 18    Spells: 3/3 levels left

rFire   . . .        a - +1 shortbow
rCold   . . .        (shield currently unavailable)
rNeg    . . .        c - +0 leather armour
rPois   .            g - +0 helmet
rElec   .            (no cloak)
rCorr   .            n - +1 pair of gloves {hurl}
SInv    .            (no boots)
Will    .....        (no amulet)
Stlth   ++           (no ring)
HPRegen 0.24/turn    (no ring)
MPRegen 0.10/turn

%: no passive effects
@: no status effects
A: weak 1, wild magic 1
a: no special abilities


You were on level 3 of the Dungeon.
You visited 1 branch of the dungeon, and saw 3 of its levels.

You collected 107 gold pieces.


Innate Abilities, Weirdness & Mutations

You are weak. (Str -2)
Your spells are a little harder to cast, but a little more powerful.


   Skills:
 - Level 1.5 Fighting
 + Level 8.3 Ranged Weapons
 - Level 2.4 Dodging
 - Level 1.2 Stealth


You had 3 spell levels left.
You didn't know any spells.
Your spell library was empty.

Inventory:

Hand Weapons
 a - a +1 shortbow (weapon)
Armour
 c - a +0 leather armour (worn)
 g - a +0 helmet (worn)
 j - a +0 scale mail
 n - a +1 pair of gloves of hurling (worn)
Potions
 b - a potion of might
 d - a potion of curing {unknown}
 e - a potion of cancellation
 f - a potion of heal wounds {unknown}
 h - a potion of mutation
 i - a potion of degeneration {unknown}

Dungeon Overview and Level Annotations

Branches:
Dungeon (3/15)

Altars:
Vehumet


Message History

The arrow hits the gnoll!
The gnoll is almost dead.
The adder bites you.
You shoot an arrow. The arrow hits the adder.
You kill the adder!
You shoot an arrow. The arrow hits the gnoll.
The gnoll is moderately wounded.
You shoot an arrow. The arrow barely misses the gnoll.
The gnoll hits you with a +0 whip. The gnoll barely misses you.
You shoot an arrow. The arrow hits the gnoll!
The gnoll is almost dead.
The gnoll hits you with a +0 whip. The gnoll barely misses you.
You shoot an arrow. The arrow hits the gnoll!
You kill the gnoll!
The gnoll closely misses you.
Your Ranged Weapons skill increases to level 8!
You shoot an arrow. The arrow completely misses the gnoll.
You shoot an arrow. The arrow hits the gnoll.
You kill the gnoll!
The gnoll barely misses you.
You shoot an arrow.
The arrow hits the gnoll but does no damage.
The gnoll closely misses you. x2
You shoot an arrow. The arrow hits the gnoll!
The gnoll is severely wounded.
The gnoll closely misses you. The gnoll misses you.
The gnoll closely misses you.
You shoot an arrow. The arrow hits the gnoll.
The gnoll is almost dead.
The gnoll misses you. The gnoll barely misses you.
You shoot an arrow. The arrow hits the gnoll!
You kill the gnoll!
The gnoll barely misses you.
You shoot an arrow. The arrow hits the gnoll!
The gnoll is severely wounded.
The gnoll hits you with a +0 club. The gnoll completely misses you.
You shoot an arrow. The arrow hits the gnoll.
The gnoll is severely wounded.
The gnoll hits you with a +0 club.
You die...

.##.###### .##.#
######## ....#
#......###
.##.###########........#
...<.................>.#
.##.###########........#
.##.# ####.....###
.##.## ####.......#
.....# #g@.........
##...# #####)##.#..##.#
.....# #......#.#..# #
.....######......#.#.##
.................#.#.#
#...#..####......#..
#......)............
#...##.###########..
#...##.## .#


You could see a gnoll.

Vanquished Creatures
  7 gnolls
  An adder (D:3)
  3 dart slugs (D:1)
  An orc (D:3)
  4 endoplasms
  2 giant cockroaches
  4 goblins
  3 hobgoblins (D:2)
  8 jackals (D:1)
  2 quokkas (D:2)
  A ball python (D:1)
  5 bats
  A frilled lizard (D:2)
  4 kobolds
  6 rats
52 creatures vanquished.

Notes
Turn   | Place    | Note
-------+----------+-------------------------------------------
     0 | D:1      | qw the Deep Elf Hunter began the quest for the Orb.
     0 | D:1      | Reached XP level 1. HP: 12/12 MP: 3/3
     0 | D:1      | 0 ||| qw: Version: 0.3-a-155-g5e7d8dd
     0 | D:1      | 0 ||| qw: Game counter: 1639
     0 | D:1      | 0 ||| qw: Melee chars always use a shield: true
     0 | D:1      | 0 ||| qw: God list: Okawaru
     0 | D:1      | 0 ||| qw: Allow faded altars: false
     0 | D:1      | 0 ||| qw: Do Orc after clearing Dungeon:15 true
     0 | D:1      | 0 ||| qw: Do second Lair branch before Depths: true
     0 | D:1      | 0 ||| qw: Lair rune preference: random
     0 | D:1      | 0 ||| qw: Goals: Normal
     0 | D:1      | 0 ||| PLANNING D:1-11
   105 | D:1      | Reached XP level 2. HP: 8/16 MP: 4/4
   106 | D:1      | Reached skill level 6 in Ranged Weapons
   207 | D:1      | Reached XP level 3. HP: 8/20 MP: 5/5
   813 | D:1      | Reached skill level 7 in Ranged Weapons
   829 | D:1      | 829 ||| UPGRADING to +0 helmet.
   834 | D:1      | 834 ||| READING scroll labelled NAOXTA WETYO.
   834 | D:1      | 834 ||| IDENTIFYING brown potion
   835 | D:1      | 835 ||| READING scroll labelled FESI ETTELILERGH.
   835 | D:1      | 835 ||| ENCHANTING +0 shortbow.
   836 | D:1      | 836 ||| READING scroll labelled XURAEGEOSA.
   937 | D:1      | 937 ||| READING scroll labelled WASSES TO COCW.
   938 | D:1      | 938 ||| READING scroll labelled GOIKLUCV ERATED.
   976 | D:1      | 976 ||| DRINKING 2 black potions.
   976 | D:1      | Gained mutation: Your mind is acute. (Int +4, Str/Dex -1)
                  | [potion of mutation]
   976 | D:1      | Lost mutation: Your mind is acute. (Int +4, Str/Dex -1)
                  | [potion of mutation]
   976 | D:1      | Gained mutation: You are weak. (Str -2) [potion of
                  | mutation]
   976 | D:1      | Gained mutation: Your spells are a little harder to cast,
                  | but a little more powerful. [potion of mutation]
   977 | D:1      | 977 ||| DROPPING scroll of butterflies.
  1330 | D:2      | Found a radiant altar of Vehumet.
  1679 | D:2      | Reached XP level 4. HP: 16/25 MP: 6/6
  1846 | D:2      | 1846 ||| UPGRADING to +1 pair of gloves of hurling.
  1851 | D:2      | 1851 ||| READING scroll of identify.
  1851 | D:2      | 1851 ||| IDENTIFYING fuming green potion
  1852 | D:2      | 1852 ||| READING scroll labelled YRRIR ETHE.
  1853 | D:2      | 1853 ||| READING scroll labelled WAGASTIWNIE.
  1854 | D:2      | 1854 ||| READING scroll labelled CASHEORHOU.
  2052 | D:3      | 2052 ||| RETREEEEATING.
  2059 | D:3      | 2059 ||| RETREEEEATING.
  2060 | D:3      | 2060 ||| RETREEEEATING.
  2060 | D:3      | HP: 6/25 [poisoned by an adder]
  2061 | D:3      | 2061 ||| RETREEEEATING.
  2066 | D:3      | HP: 4/25 [gnoll/+0 whip (3)]
  2069 | D:3      | Reached skill level 8 in Ranged Weapons
  2075 | D:3      | HP: 3/25 [gnoll/+0 club (2)]
  2076 | D:3      | Slain by a gnoll

Levels and vault maps discovered:
D:1:      nicolae_arrival_memento_mori, layout_basic
D:2:      layout_basic, basic_altar, minmay_misc_feat_iff,
          minmay_misc_feat_plants, minmay_tiny_reverse_x
D:3:      layout_basic, minmay_misc_feat_tiny

Skill      XL: |  1  2  3  4 |
---------------+-------------+-----
Ranged Weapons | 6 7 8 |  8.3
Fighting       | |  1.5
Dodging        | |  2.4
Stealth        | |  1.2

Action                     |  1- 3 |  4- 6 || total
---------------------------+-------+-------++-------
   Fire: Shortbow          |    97 |    43 ||   140
    Use: Scroll            |     5 |     4 ||     9
         Potion            |     1 |       ||     1
 Armour: Leather armour    |    20 |    23 ||    43
  Dodge: Dodged            |    35 |    22 ||    57

Table legend:
 A = Non-vault XP
 B = Vault XP
 C = Vault XP percentage of total XP
 D = Non-vault monster count
 E = Vault monster count
 F = Vault count percentage of total count
                 A         B        C        D         E       F
            +---------+---------+-------+---------+---------+-------
      Total |     188 |       3 |   1.6 |      50 |       2 |   3.8
            +---------+---------+-------+---------+---------+-------
        D:1 |      63 |       0 |   0.0 |      27 |       0 |   0.0
        D:2 |      60 |       3 |   4.8 |      15 |       2 |  11.8
        D:3 |      65 |       0 |   0.0 |       8 |       0 |   0.0
            +---------+---------+-------+---------+---------+-------
